 Dungeon Crawl Stone Soup version 0.31-a0-654-gbe3e110b4e (webtiles) character file.

Game seed: 13471166731636677043

347 thirtiethelement the Grave Robber (level 6, -2/43 HPs)
             Began as a Demonspawn Necromancer on Aug 29, 2023.
             Succumbed to a scorpion's poison
             ... on level 4 of the Dungeon.
             The game lasted 00:11:31 (3787 turns).

thirtiethelement the Grave Robber (DsNe)            Turns: 3787, Time: 00:11:31

Health: -2/43      AC:  9    Str:  8    XL:     6   Next: 32%
Magic:  11/11      EV:  1    Int: 19    God:
Gold:   195        SH:  9    Dex: 13    Spells: 6/12 levels left

rFire   . . .        p - +8 mace of Conscience {freeze, rElec Stlth+}
rCold   . . .        t - +2 kite shield
rNeg    . . .        y - +0 chain mail
rPois   .            (helmet restricted)
rElec   +            q - +0 cloak
rCorr   .            (no gloves)
SInv    .            (no boots)
Will    +....        a - amulet of regeneration Stlth
                     w - ring of willpower
HPRegen 1.07/turn    (no ring)
MPRegen 0.12/turn

%: no passive effects
@: mighty, lethally poisoned (-2 -> -10)
A: horns 1, powered by pain 2
a: no special abilities


You were on level 4 of the Dungeon.
You visited 1 branch of the dungeon, and saw 4 of its levels.

You collected 195 gold pieces.

Inventory:

Hand Weapons
 p - the +8 mace of Conscience (weapon) {freeze, rElec Stlth+}
   (You found it on level 2 of the Dungeon)

   rElec:     It insulates you from electricity.
   Stlth+:    It makes you more stealthy.
Missiles
 e - a poisoned dart (quivered)
Armour
 q - a +0 cloak (worn)
 t - a +2 kite shield (worn)
 y - a +0 chain mail (worn)
Magical Staves
 o - a staff of poison
Jewellery
 a - an amulet of regeneration (around neck)
 w - a ring of willpower (left hand)
Scrolls
 g - 2 scrolls of vulnerability {unknown}
 i - a scroll of noise {unknown}
 j - 2 scrolls of enchant weapon {unknown}
 l - 6 scrolls of identify {unknown}
 m - a scroll of enchant armour {unknown}
 n - a scroll of silence {unknown}
 u - a scroll of acquirement {unknown}
Potions
 b - a potion of magic
 c - 3 potions of curing {unknown}
 d - a potion of might
 f - a potion of degeneration {unknown}
 h - a potion of enlightenment {unknown}
 k - a potion of resistance {unknown}
 s - a potion of mutation {unknown}
 v - a potion of cancellation {unknown}
 x - a potion of brilliance {unknown}
 z - a potion of attraction {unknown}


   Skills:
 + Level 1.2 Fighting
 + Level 1.6 Maces & Flails
 + Level 0.3 Throwing
 + Level 1.0 Armour
 + Level 2.8 Dodging
 + Level 2.6 Stealth
 + Level 0.2 Shields
 + Level 0.2 Unarmed Combat
 + Level 3.6 Spellcasting
 + Level 5.3 Necromancy
 + Level 0.1 Poison Magic


You had 6 spell levels left.
You knew the following spells:

 Your Spells              Type           Power      Damage    Failure   Level
a - Necrotise             Necr           92%        1d8       100%        1
b - Poisonous Vapours     Pois/Air       6%         N/A       100%        2
c - Vampiric Draining     Necr           23%        2d7       100%        3

Your spell library contained the following spells:

 Spells                   Type           Power      Damage    Failure   Level
 Mephitic Cloud           Conj/Pois/Air  3%         N/A       100%        3
 Animate Dead             Necr           23%        N/A       100%        4
 Agony                    Necr           23%        N/A       100%        5
 Freezing Cloud           Conj/Ice/Air   1%         6-21      100%        5


Dungeon Overview and Level Annotations

Branches:
Dungeon (4/15)
 Temple: D:4-7

Altars:
Nemelex Xobeh
Vehumet
Wu Jian

Annotations:
D:3 1 runed translucent door, Age's ghost, weakling MiFi


Innate Abilities, Weirdness & Mutations

You have a pair of small horns on your head.
You sometimes gain power by taking damage.


Message History

The scorpion stings you but does no damage.
The scorpion stings you.
You hit the scorpion. You freeze the scorpion.
You headbutt the scorpion, but do no damage.
The scorpion is heavily wounded.
You block the scorpion's attack. The scorpion stings you.
You are poisoned.
The scorpion poisons you!
You barely miss the scorpion.
The scorpion is heavily wounded.
You feel very sick. The scorpion stings you.
The goblin hits you but does no damage. You block the scorpion's attack.
The goblin hits you but does no damage.
You closely miss the scorpion.
The scorpion is heavily wounded.
You feel very sick. You block the scorpion's attack.
The goblin hits you but does no damage. The scorpion stings you.
You are more poisoned.
The scorpion poisons you!
You hit the scorpion. You freeze the scorpion.
The scorpion is almost dead.
You feel very sick. The scorpion stings you.
The goblin hits you but does no damage. The scorpion stings you.
A goblin comes into view. It is wielding a +0 club.
You block the goblin's attack.
You barely miss the scorpion.
The scorpion is almost dead.
You feel very sick. The scorpion stings you.
* * * LOW HITPOINT WARNING * * *
You are more poisoned.
The scorpion poisons you! The goblin hits you with a +0 club.
* * * LOW HITPOINT WARNING * * *
The scorpion stings you.
* * * LOW HITPOINT WARNING * * *
It was a potion of might.
You feel very mighty all of a sudden.
You die...

#.........#
#.........#
#.........#
#.........###
#...........
#.........#
#(.††...).#
#.........#
##(†.).g@##
#.).)<.s#
#.#####g...#
#.# ###.##
#g# ..# #.#
.# #g# .. #.#
..


go# You could see a scorpion and 2 goblins.

Vanquished Creatures
  A centaur (D:3)
  Blork the orc (D:4)
  An iguana (D:2)
  Robin (D:3)
  4 adders
  A gnoll (D:3)
  2 worms (D:2)
  5 dart slugs
  5 orcs (D:3)
  5 bats
  6 endoplasms
  2 giant cockroaches
  14 goblins
  11 hobgoblins
  6 jackals
  4 quokkas
  2 ball pythons
  4 frilled lizards (D:2)
  5 kobolds
  5 rats
85 creatures vanquished.

Vanquished Creatures (collateral kills)
  A ball python (D:1)
  A goblin (D:1)
  A frilled lizard (D:2)
3 creatures vanquished.

Grand Total: 88 creatures vanquished

Notes
Turn   | Place    | Note
-------+----------+-------------------------------------------
     0 | D:1      | thirtiethelement the Demonspawn Necromancer began the quest
                  | for the Orb.
     0 | D:1      | Reached XP level 1. HP: 13/13 MP: 3/3
   267 | D:1      | Gained mutation: You have a pair of small horns on your
                  | head. [demonic ancestry]
   267 | D:1      | Reached XP level 2. HP: 15/20 MP: 0/5
   345 | D:1      | Learned a level 2 spell: Poisonous Vapours
  1261 | D:2      | Found an ornate altar of the Wu Jian Council.
  1344 | D:2      | Gained mutation: You sometimes gain a little power by
                  | taking damage. [demonic ancestry]
  1344 | D:2      | Reached XP level 3. HP: 25/25 MP: 4/6
  1385 | D:2      | Learned a level 3 spell: Vampiric Draining
  1496 | D:2      | Reached skill level 5 in Necromancy
  1668 | D:2      | Reached XP level 4. HP: 31/31 MP: 3/8
  1900 | D:2      | Identified the +8 mace of Conscience {freeze, rElec Stlth+}
  2617 | D:3      | Found a runed translucent door.
  2618 | D:3      | Noticed a bullfrog
  2619 | D:3      | Noticed Age's ghost (weakling MiFi)
  2675 | D:3      | Noticed a centaur
  2686 | D:3      | Killed a centaur
  2687 | D:3      | Gained mutation: You sometimes gain power by taking damage.
                  | [demonic ancestry]
  2687 | D:3      | Reached XP level 5. HP: 29/36 MP: 0/10
  3156 | D:3      | Reached skill level 1 in Fighting
  3291 | D:3      | Found a radiant altar of Vehumet.
  3291 | D:3      | Found a sparkling altar of Nemelex Xobeh.
  3692 | D:4      | Noticed Robin
  3693 | D:4      | Noticed Blork the orc
  3708 | D:4      | Reached skill level 1 in Maces & Flails
  3747 | D:3      | Killed Robin
  3748 | D:3      | Reached XP level 6. HP: 39/43 MP: 11/11
  3774 | D:4      | Killed Blork the orc
  3775 | D:4      | Reached skill level 1 in Armour
  3786 | D:4      | HP: 1/43 [scorpion (6)]
  3787 | D:4      | Succumbed to a scorpion's poison

Illustrated notes

Levels and vault maps discovered:
D:1:      eino_arrival_druids_welcome, layout_loops_corners
D:2:      layout_basic, basic_altar, minmay_pentomino_pile
D:3:      layout_basic, gammafunk_temple_overflow_pools, ebering_ghost_sewer_d,
          nrook_loot_triangle, minivault_14, kennysheep_generic_room_6
D:4:      layout_rooms, kennysheep_little_box, temple_doors_e,
          biasface_ghost_orc_armoury, serial_shops, shop_fountains,
          uniq_blork_the_orc, uniq_robin, uniq_grinder

Skill      XL: |  1  2  3  4  5  6 |
---------------+-------------------+-----
Dodging        | 2 |  2.8
Necromancy     | 5 |  5.3
Spellcasting   | 3 |  3.6
Stealth        | 2 |  2.6
Fighting       | 1 |  1.2
Maces & Flails | 1 |  1.6
Armour         | 1 |  1.0
Throwing       | |  0.3
Shields        | |  0.2
Unarmed Combat | |  0.2
Poison Magic   | |  0.1

Action                     |  1- 3 |  4- 6 || total
---------------------------+-------+-------++-------
  Melee: Unarmed           |    18 |       ||    18
         Mace              |       |    80 ||    80
         Long sword        |       |     9 ||     9
         Headbutt          |       |    13 ||    13
  Throw: Dart              |     4 |     5 ||     9
   Cast: Necrotise         |    48 |    23 ||    71
         Poisonous Vapours |     3 |     6 ||     9
         Vampiric Draining |       |     1 ||     1
    Use: Potion            |       |     1 ||     1
   Stab: Sleeping          |       |     8 ||     8
 Armour: Robe              |     3 |     6 ||     9
         Leather armour    |       |    12 ||    12
         Chain mail        |       |    37 ||    37
  Dodge: Dodged            |    14 |    48 ||    62
  Block: Kite shield       |       |    31 ||    31

Table legend: (Time is in decaauts)
 A = Elapsed time spent in this place.
 B = Non-inter-level travel time spent in this place.
 C = Inter-level travel time spent in this place.
 D = Time resting spent in this place.
 E = Time spent auto-exploring this place.
 F = Levels seen in this place.
 G = Mean time per level.
                   A        B        C        D        E       F      G
               +--------+--------+--------+--------+--------+-----+--------+
         Total |   3842 |   3516 |    326 |    149 |   2505 |   4 |  960.5 |
       Dungeon |   3842 |   3516 |    326 |    149 |   2505 |   4 |  960.5 |
               +--------+--------+--------+--------+--------+-----+--------+

Top non-repeatable levels by time:
     D:1: 1412 daAuts
     D:2: 1202 daAuts
     D:3: 1140 daAuts
     D:4: 87 daAuts
